Map: Ruins of Seras

Players

PtitDrogo - Winner!

  • Race: Protoss Protoss
  • League: Master

Happy

  • Race: Terran Terran
  • League: Diamond

Event: DreamHack ROCCAT LotV Championship

VOD

Have the link to the VOD?

Description

Time

  • Played on: Nov. 26, 2015, 4:42 p.m.
  • Length: 18:13

All games in this series

Show
View Real Time Build Order
Export as new Build Order

PtitDrogo Protoss - Winner!

Build Orders: 1 Gate Expand, Mass Adepts 

Get SALT Encoding   

  12  0:01  Probe (Chrono Boost)  
  13  0:11  Probe (Chrono Boost)  
  14  0:18  Pylon  
  14  0:23  Probe (Chrono Boost)  
  15  0:36  Probe (Chrono Boost)  
  15  0:38  Gateway  
  16  0:43  Assimilator  
  16  0:46  Probe (Chrono Boost)  
  17  0:57  Probe (Chrono Boost)  
  18  1:08  Probe (Chrono Boost)  
  19  1:20  Nexus  
  19  1:30  Cybernetics Core  
  19  1:33  Probe (Chrono Boost)  
  19  1:38  Assimilator  
  20  1:44  Probe (Chrono Boost)  
  21  1:52  Pylon  
  21  1:54  Probe (Chrono Boost)  
  22  2:05  Probe (Chrono Boost)  
  23  2:08  Warp Gate (Chrono Boost)  
  23  2:10  Adept (Chrono Boost)  
  25  2:16  Probe  
  26  2:25  Robotics Facility  
  26  2:28  Probe  
  27  2:33  Probe  
  27  2:35  Adept (Chrono Boost)  
  30  2:40  Probe  
  30  2:43  Probe  
  32  2:52  Probe (Chrono Boost)  
  32  2:55  Probe (Chrono Boost)  
  34  3:03  Probe (Chrono Boost)  
  36  3:13  Warp Prism (Chrono Boost)  
  36  3:14  Probe (Chrono Boost)  
  36  3:16  Gateway  
  36  3:17  Gateway  
  38  3:26  Gateway  
  36  3:31  Gateway  
  36  3:32  Probe  
  37  3:35  Probe  
  37  3:38  Adept  
  40  3:45  Pylon  
  40  3:47  Mothership Core (Chrono Boost)  
  42  3:53  Probe (Chrono Boost)  
  42  3:54  Observer  
  44  4:03  Pylon  
  44  4:05  Probe (Chrono Boost)  
  44  4:06  Probe (Chrono Boost)  
  46  4:11  Adept x2  
  46  4:13  Adept  
  46  4:16  Probe (Chrono Boost)  
  53  4:17  Probe (Chrono Boost)  
  53  4:23  Adept  
  56  4:28  Pylon  
  56  4:29  Pylon  
  56  4:30  Adept  
  56  4:35  Adept  
  56  4:36  Adept x2  
  62  4:46  Probe  
  62  4:48  Probe, Pylon  
  64  5:04  Probe x2  
  64  5:09  Assimilator  
  64  5:10  Assimilator  
  64  5:12  Twilight Council  
  64  5:13  Adept x3  
  70  5:16  Probe x2  
  72  5:28  Probe x2  
  74  5:40  Probe, Robotics Bay  
  74  5:41  Probe  
  76  5:43  Gateway  
  76  5:45  Gateway  
  76  5:49  Blink (Chrono Boost)  
  76  5:53  Probe  
  78  5:57  Sentry  
  78  5:58  Adept  
  78  5:59  Zealot x2  
  78  6:03  Pylon  
  85  6:05  Pylon  
  85  6:10  Pylon  
  85  6:12  Pylon  
  85  6:14  Pylon  
  85  6:22  Colossus (Chrono Boost), Pylon  
  85  6:31  Extended Thermal Lance (Chrono Boost)  
  91  6:35  Stalker x2  
  91  6:36  Pylon  
  95  6:50  Stalker x3  
  101  7:00  Pylon  
  101  7:07  Stalker  
  101  7:08  Stalker x2  
  107  7:09  Colossus  
  113  7:24  Pylon  
  113  7:27  Pylon  
  113  7:29  Pylon  
  109  7:46  Stalker x2  
  109  7:47  Zealot x2  
  117  7:58  Stalker  
  117  7:59  Stalker x2  
  123  8:08  Colossus  
  129  8:30  Nexus, Pylon  
  129  8:33  Pylon  
  129  8:36  Forge  
  129  8:38  Forge  
  129  8:39  Probe  
  129  8:40  Probe  
  131  8:41  Resonating Glaives (Chrono Boost)  
  131  8:56  Probe  
  131  8:59  Stalker x2, Colossus  
  131  9:02  Probe  
  143  9:08  Probe  
  144  9:16  Templar Archives  
  144  9:17  Protoss Ground Weapons Level 1 (Chrono Boost)  
  144  9:18  Protoss Ground Armor Level 1 (Chrono Boost)  
  144  9:26  Stalker  
  144  9:28  Adept  
  148  9:37  Adept x2  
  148  9:38  Probe x2  
  154  9:45  Assimilator  
  154  9:50  Assimilator  
  154  9:55  High Templar x2  
  158  10:00  Archon  
  158  10:02  Adept  
  158  10:03  Adept x2  
  164  10:15  Stalker x2  
  168  10:21  Gateway  
  168  10:24  Gateway  
  168  10:33  Stalker x3  
  168  10:34  Stalker x2  
  177  10:50  Protoss Ground Armor Level 2 (Chrono Boost)  
  177  10:52  Protoss Ground Weapons Level 2 (Chrono Boost)  
  177  10:55  High Templar x2  
  181  11:07  Zealot x5  
  181  11:09  Nexus  
  191  11:12  Pylon  
  191  11:20  Psionic Storm  
  191  11:24  Pylon  
  191  11:30  High Templar  
  191  11:31  High Templar  
  195  11:43  Charge (Chrono Boost)  
  195  11:54  Photon Cannon  
  195  11:56  Assimilator  
  195  12:00  High Templar, Assimilator  
  197  12:07  High Templar  
  199  12:08  Photon Cannon  
  199  12:11  Photon Cannon  
  199  12:12  Gateway  
  199  12:13  Gateway  
  199  12:15  Gateway  
  199  12:27  Robotics Facility  
  199  12:40  Stargate  
  199  12:42  Adept  
  199  12:56  Photon Cannon x2  
  199  13:22  Nexus  
  199  13:23  High Templar  
  199  13:30  Fleet Beacon, Stargate  
  197  13:38  High Templar  
  199  13:42  Photon Cannon  
  199  13:43  Photon Cannon  
  199  13:51  Photon Cannon  
  199  13:53  Photon Cannon  
  199  13:55  Photon Cannon  
  185  14:11  Colossus  
  183  14:19  Tempest x2 (Chrono Boost)  
  179  14:50  High Templar x4  
  179  14:51  High Templar  
  185  14:55  Archon x2  
  185  14:58  Tempest x2 (Chrono Boost)  
  193  15:10  Zealot  
  193  15:11  Zealot x2  
  199  15:34  Zealot x7  
  197  15:48  Tempest (Chrono Boost)  
  179  16:07  Archon  
  179  16:08  Archon  
  169  16:11  Tempest (Chrono Boost)  
  161  16:24  High Templar  
  161  16:25  Tempest (Chrono Boost), High Templar x4  
  171  16:50  Nexus  
  171  16:52  Zealot x7  
  185  16:54  Pylon  
  185  17:00  Colossus  
  181  17:17  Stalker x4  
  181  17:18  Stalker x3  
  199  17:23  Tempest (Chrono Boost)  
Show
View Real Time Build Order
Export as new Build Order

Happy Terran 

Build Orders: Command Center First (CC), MMM Bio 

Get SALT Encoding   

  12  0:00  SCV  
  13  0:13  SCV  
  14  0:17  Supply Depot  
  14  0:25  SCV  
  15  0:39  SCV  
  16  0:51  SCV  
  17  1:01  Command Center  
  17  1:05  SCV  
  18  1:15  Barracks  
  18  1:18  SCV  
  19  1:29  Barracks  
  19  1:32  SCV  
  20  1:44  SCV  
  20  1:47  Barracks  
  21  1:56  SCV  
  22  2:01  Marine  
  23  2:11  Orbital Command  
  23  2:16  Marine  
  23  2:19  Orbital Command  
  23  2:21  Marine  
  25  2:27  Refinery  
  25  2:31  Refinery  
  25  2:33  Marine  
  25  2:36  Marine  
  27  2:39  SCV  
  27  2:42  Marine  
  29  2:45  SCV  
  30  2:51  SCV, Marine  
  30  2:56  Supply Depot  
  30  2:58  Barracks Tech Lab  
  32  3:00  SCV  
  32  3:02  Marine  
  32  3:03  SCV  
  35  3:12  SCV, Marine  
  36  3:15  SCV  
  36  3:19  Stimpack  
  37  3:24  SCV  
  37  3:25  Marine x2  
  40  3:28  Bunker  
  40  3:29  SCV  
  40  3:31  Marine  
  42  3:35  Factory  
  42  3:38  SCV  
  43  3:42  SCV  
  43  3:45  Refinery  
  44  3:51  Marauder  
  44  3:53  Barracks Reactor  
  46  3:58  Supply Depot  
  46  4:05  Supply Depot  
  46  4:08  Bunker  
  46  4:19  Marine  
  46  4:20  SCV x2, Marauder  
  46  4:22  Starport  
  51  4:25  Factory Reactor  
  51  4:32  SCV x2  
  51  4:37  Supply Depot  
  53  4:43  Marauder  
  53  4:44  SCV x2  
  57  4:49  Marine  
  57  4:50  Marine  
  59  4:56  SCV x2  
  54  5:08  SCV  
  54  5:09  Marine x2, Liberator  
  57  5:26  Medivac  
  57  5:27  Marine  
  63  5:29  Marine  
  63  5:30  Combat Shields  
  63  5:31  SCV  
  63  5:32  SCV  
  66  5:42  Marine  
  66  5:43  Supply Depot  
  66  5:48  Marine x2  
  68  6:03  Medivac  
  70  6:08  Marine x2  
  70  6:09  Marauder  
  74  6:14  SCV  
  74  6:15  Refinery  
  75  6:19  Supply Depot, Liberator  
  75  6:20  Barracks  
  75  6:21  SCV  
  75  6:22  Barracks  
  74  6:31  SCV  
  74  6:33  SCV  
  78  6:44  SCV  
  78  6:45  SCV  
  78  6:46  Medivac  
  82  6:53  Concussive Shells  
  82  6:56  SCV, Barracks Tech Lab  
  82  6:57  SCV  
  82  7:00  Command Center  
  84  7:08  SCV  
  85  7:11  Barracks Reactor  
  85  7:13  SCV  
  86  7:23  Barracks Tech Lab  
  86  7:33  Supply Depot x2, Refinery  
  86  7:36  SCV x2  
  85  7:41  Medivac  
  85  7:43  Medivac  
  86  7:53  Supply Depot  
  86  7:54  Bunker x2, Marine x2  
  86  7:55  SCV x2, Marauder x3  
  96  8:04  Liberator  
  96  8:08  Starport, Marine  
  96  8:09  Marine  
  96  8:12  Marine, Factory Reactor, Liberator  
  98  8:14  Orbital Command  
  98  8:16  Marauder x2  
  98  8:17  Marine  
  102  8:22  Marine  
  102  8:25  SCV  
  109  8:47  Liberator  
  109  8:55  Liberator  
  109  9:02  Supply Depot  
  109  9:03  Supply Depot  
  112  9:11  Marine  
  112  9:12  Marine  
  112  9:16  Liberator  
  117  9:18  SCV x2, Liberator  
  120  9:24  SCV  
  120  9:25  Engineering Bay x2  
  120  9:26  Supply Depot  
  120  9:29  Liberator  
  120  9:33  Supply Depot  
  120  9:35  Supply Depot  
  120  9:36  Orbital Command, Marine  
  120  9:37  Marine x2  
  129  9:42  Liberator  
  128  9:48  SCV x2  
  128  9:52  Terran Infantry Weapons Level 1, Terran Infantry Armor Level 1  
  132  9:59  Liberator  
  135  10:00  SCV  
  135  10:03  SCV  
  135  10:06  SCV  
  138  10:12  SCV  
  136  10:16  SCV  
  136  10:18  SCV  
  136  10:19  Refinery  
  136  10:20  Refinery  
  141  10:22  Liberator  
  141  10:24  SCV  
  141  10:27  Missile Turret  
  141  10:28  SCV  
  143  10:30  SCV  
  143  10:33  Liberator  
  143  10:34  Liberator  
  144  10:36  SCV  
  144  10:40  SCV  
  143  10:46  Liberator  
  142  10:51  Marine  
  142  10:52  Marauder  
  148  11:05  Marauder, Marine x2  
  148  11:06  Marine, Marauder  
  148  11:09  Refinery, Marine  
  148  11:10  Refinery  
  156  11:17  Supply Depot  
  156  11:21  SCV x2, Liberator  
  158  11:28  Supply Depot  
  158  11:29  Supply Depot  
  158  11:30  Armory  
  158  11:36  Marine  
  158  11:37  Marauder x2, Marine x2  
  158  11:38  Marauder  
  170  11:40  Supply Depot  
  170  11:53  Liberator  
  170  11:54  Liberator  
  170  11:55  Command Center, Marine x2  
  170  11:56  Marine  
  170  11:57  Supply Depot  
  170  11:58  Marauder  
  170  12:00  Barracks  
  175  12:11  Marine  
  175  12:12  Marine x2  
  175  12:15  Marine  
  188  12:19  Terran Infantry Weapons Level 2, Terran Infantry Armor Level 2  
  188  12:20  Liberator  
  185  12:25  Marauder, Marine  
  187  12:30  Marine x2  
  187  12:31  Marauder  
  194  12:45  Marine x2, Sensor Tower, Terran Ship Weapons Level 1  
  194  12:46  Marauder  
  194  12:47  Liberator  
  181  13:20  SCV x2  
  181  13:23  Liberator  
  181  13:28  Barracks Tech Lab, Marauder x3, Marine x4  
  181  13:32  Refinery  
  180  13:34  Sensor Tower  
  180  13:36  Missile Turret  
  180  13:37  Missile Turret  
  180  13:39  Refinery  
  180  13:40  Liberator  
  183  13:45  Marine x2  
  183  13:46  Marine x2  
  187  13:48  Ghost Academy  
  187  13:50  Marauder  
  187  13:51  Liberator x2  
  179  14:08  Marine  
  179  14:09  Marauder  
  179  14:10  SCV  
  177  14:22  SCV  
  178  14:28  Marauder x2, Marine x2  
  178  14:30  Planetary Fortress  
  184  14:32  SCV  
  184  14:33  SCV  
  184  14:34  SCV  
  179  14:41  Liberator x2  
  147  14:45  Marine  
  147  14:46  Marauder  
  147  14:47  Liberator  
  147  14:52  Marauder, Marine  
  152  14:53  SCV x2  
  152  14:55  Refinery  
  159  15:02  Refinery  
  159  15:05  SCV  
  159  15:06  Marine  
  163  15:07  Liberator  
  161  15:23  Liberator  
  161  15:24  Liberator  
  163  15:31  Ghost  
  163  15:41  Ghost  
  168  15:47  Liberator  
  168  15:49  Marine x2  
  164  15:50  Marauder  
  164  15:51  Marine x3  
  165  16:02  Marine  
  145  16:07  Marine  
  145  16:09  Marine x2  
  145  16:10  Marauder  
  150  16:14  Marine x2  
  142  16:26  SCV  
  142  16:31  SCV x2  
  145  16:34  Marine x3  
  145  16:35  Marine  
  131  16:47  Marine x4  
  131  16:52  Marine  
  130  16:54  Viking  
  130  16:55  Viking  
  130  16:58  Refinery  
  134  17:18  Marine  
  134  17:19  Marine x5  
  134  17:20  Medivac  
  134  17:21  Marine, Medivac  
  136  17:32  Marine  
  136  17:36  Marine  
  126  17:38  Marauder  
  126  17:42  Marine x2  

Tags
 
Add a new tag
Caveats
  • Supply blocks, unpowered buildings, or Contaminate may cause inaccurate times.
  • Supply counts are checked every 10 seconds.